 Dungeon Crawl Stone Soup version 0.27.1-34-g3ba077fa99 (webtiles) character file.

Game seed: 3953266999759821332

1597 zeram the Blocker (level 8, -10/52 HPs)
             Began as an Octopode Fighter on Jan 20, 2022.
             Mangled by a troll (12 damage)
             ... on level 7 of the Dungeon.
             The game lasted 00:10:39 (6538 turns).

zeram the Blocker (Octopode Fighter)                Turns: 6538, Time: 00:10:42

Health: -10/52     AC:  1    Str: 15    XL:     8   Next: 93%
Magic:  8/8        EV: 13    Int: 12    God:
Gold:   105        SH: 11    Dex: 12    Spells: 4/7 levels left

rFire    . . .     SeeInvis .   n - +3 flail (vorpal)
rCold    . . .     Faith    .   b - +0 kite shield
rNeg     + . .     Spirit   .   (helmet restricted)
rPois    .         Reflect  .   (no amulet)
rElec    .         Harm     .   g - ring of flight
rCorr    +         Rampage  .   i - ring of resist corrosion
Will     .....                  o - ring of positive energy
Stlth    ++........             (no ring)
HPRegen  0.17/turn              (no ring)
MPRegen  0.11/turn              (no ring)
                                (no ring)
                                (no ring)

@: about to teleport, flying
A: almost no armour, amphibious, 8 rings, camouflage 1, gelatinous body 1,
(nimble swimmer 1), tentacles
a: no special abilities


You were on level 7 of the Dungeon.
You visited 1 branch of the dungeon, and saw 7 of its levels.
You also visited: Sewer.

You collected 274 gold pieces.
You spent 169 gold pieces at shops.

Inventory:

Hand Weapons
 a - a +0 war axe of venom
 d - a +0 hand axe of flaming
 n - a +3 vorpal flail (weapon)
Armour
 b - a +0 kite shield (worn)
Jewellery
 g - a ring of flight (left tentacle)
 i - a ring of resist corrosion (right tentacle)
 o - a ring of positive energy (on tentacle)
Wands
 j - a wand of flame (19)
 k - a wand of acid (7)
 p - a wand of iceblast (20)
Scrolls
 e - 3 scrolls of teleportation
 r - 2 scrolls of noise
Potions
 c - 4 potions of flight
 f - a potion of attraction
 l - a potion of degeneration
 m - a potion of invisibility {unknown}


   Skills:
 - Level 3.2 Fighting
 - Level 2.2 Axes
 - Level 3.1 Dodging
 - Level 0.3 Stealth
 + Level 11.0 Shields


You had 4 spell levels left.
You knew the following spells:

 Your Spells              Type           Power      Damage    Failure   Level
a - Swiftness             Air            0%         N/A       86%         3

Your spell library contained the following spells:

 Spells                   Type           Power      Damage    Failure   Level
 Foxfire                  Conj/Fire      0%         2x1d4     50%         1
 Shock                    Conj/Air       0%         1d3       50%         1
 Conjure Flame            Conj/Fire      0%         6-21      86%         3
 Inner Flame              Hex/Fire       0%         N/A       86%         3
 Airstrike                Air            0%         N/A       99%         4


Dungeon Overview and Level Annotations

Branches:
Dungeon (7/15)             Temple (0/1) D:6           Sewer (visited)

Altars:
Hepliaklqana
Kikubaaqudgha
Nemelex Xobeh
Xom

Shops:
D:4 *


Innate Abilities, Weirdness & Mutations

You cannot wear most types of armour.
You are amphibious.
You can wear up to eight rings at the same time.
Your skin changes colour to match your surroundings (Stealth+).
Your rubbery body absorbs attacks. (AC +1, EV +1)
((You are camouflaged near water. (Stealth+)))
You have tentacles for arms and can constrict up to eight enemies at once.


Message History

You kill the black bear!
You block the wyvern skeleton's attack. x2
You sock the wyvern skeleton!
The wyvern skeleton is severely damaged.
The wyvern skeleton bites you but does no damage.
You block the wyvern skeleton's attack.
You barely miss the wyvern skeleton.
The wyvern skeleton is severely damaged.
The wyvern skeleton misses you. You block the wyvern skeleton's attack.
You completely miss the wyvern skeleton.
The wyvern skeleton is severely damaged.
The wyvern skeleton misses you. The wyvern skeleton bites you.
You sock the wyvern skeleton!
You destroy the wyvern skeleton!
Your Shields skill increases to level 11!
A troll comes into view.
A deep elf pyromancer comes into view. It is wielding a +0 long sword.
Found 8 gold pieces.
The deep elf pyromancer shouts!
You hear two shouts!
You sock the troll! You squeeze the troll.
The troll is moderately wounded.
The troll bites you!! You block the troll's attack. The troll claws you!
The deep elf pyromancer casts a spell.
You hit the troll but do no damage.
The troll is moderately wounded.
A boulder beetle comes into view.
You block the troll's attack. The troll claws you!
* * * LOW HITPOINT WARNING * * *
The troll claws you!
* * * LOW HITPOINT WARNING * * *
You block the troll's attack. The troll claws you but does no damage.
The troll barely misses you.
You feel better. The troll closely misses you. You block the troll's attack. x2
As you read the scroll of teleportation, it crumbles to dust.
You feel strangely unstable.
A shadow comes into view.
The troll bites you!
* * * LOW HITPOINT WARNING * * *
The troll claws you!
You die...

##.###.##
#...##..#
######..###.####
...............?.
.#######...#####
♣♣♣♣...♣♣
#♣.♣.♣.≈≈≈.♣$♣
#......≈≈≈.....
#♣.♣.♣@≈≈≈.♣.♣.
♣♣♣♣T.$♣♣♣♣ ##e##
!B?♣ ≈W.♣ ≈°#.≈
○○♣.≈ ♣♣♣.


You could see a boulder beetle, a deep elf pyromancer, a troll and a shadow.

Vanquished Creatures
  Grinder (D:4)
  An ice beast (D:6)
  A black bear (D:7)
  A phantom (D:5)
  A bullfrog (D:4)
  4 scorpions
  A wyvern skeleton (D:7)
  5 killer bees (D:6)
  A howler monkey (D:6)
  A centaur zombie (D:6)
  A jelly (D:5)
  3 orc priests
  A bullfrog skeleton (D:6)
  2 iguanas
  An orc wizard (D:4)
  2 merfolk sirens (Sewer)
  A merfolk avatar (Sewer)
  A gnoll (D:3)
  3 adders
  4 river rats
  An ufetubus (D:4)
  An adder skeleton (D:4)
  2 worms
  3 dart slugs
  10 orcs
  11 ball pythons
  7 endoplasms
  5 giant cockroaches
  8 goblins
  8 hobgoblins
  3 jackals (D:1)
  10 quokkas
  4 bats
  5 frilled lizards
  3 kobolds
  30 rats
147 creatures vanquished.

Notes
Turn   | Place    | Note
-------+----------+-------------------------------------------
     0 | D:1      | zeram the Octopode Fighter began the quest for the Orb.
     0 | D:1      | Reached XP level 1. HP: 16/16 MP: 1/1
   324 | D:1      | Reached XP level 2. HP: 16/21 MP: 2/2
   989 | D:1      | Reached XP level 3. HP: 25/26 MP: 3/3
  1021 | D:1      | Found a faded altar of an unknown god.
  1945 | D:2      | Reached skill level 4 in Shields
  2281 | D:3      | Reached XP level 4. HP: 27/31 MP: 4/4
  2443 | D:3      | Found a hazy altar of Hepliaklqana.
  2584 | D:3      | Found a glowing drain.
  2589 | D:3      | Reached skill level 5 in Shields
  2591 | D:3      | Reached XP level 5. HP: 28/36 MP: 5/5
  2600 | Sewer    | Entered a sewer
  3100 | Sewer    | Reached skill level 6 in Shields
  3203 | Sewer    | Reached XP level 6. HP: 42/42 MP: 6/6
  3267 | Sewer    | Learned a level 3 spell: Swiftness
  3849 | D:3      | Found a shimmering altar of Xom.
  4011 | D:4      | Reached skill level 7 in Shields
  4165 | D:4      | Found Wukkamp's General Store.
  4167 | D:4      | Found Joboi's Specific Store.
  4178 | D:4      | Bought a wand of iceblast (9) for 169 gold pieces
  4194 | D:4      | Reached XP level 7. HP: 26/46 MP: 7/7
  4647 | D:4      | Reached skill level 8 in Shields
  4958 | D:4      | Noticed Grinder
  4972 | D:4      | Killed Grinder
  5125 | D:5      | Entered Level 5 of the Dungeon
  5129 | D:5      | Reached skill level 9 in Shields
  5136 | D:5      | Reached XP level 8. HP: 23/52 MP: 8/8
  5653 | D:6      | Found a sparkling altar of Nemelex Xobeh.
  5786 | D:6      | Reached skill level 10 in Shields
  6166 | D:6      | Found an ancient bone altar of Kikubaaqudgha.
  6189 | D:6      | Found a staircase to the Ecumenical Temple.
  6531 | D:7      | Reached skill level 11 in Shields
  6532 | D:7      | Noticed a troll
  6533 | D:7      | Noticed a deep elf pyromancer
  6536 | D:7      | Noticed a boulder beetle
  6536 | D:7      | HP: 2/52 [troll (9)]
  6538 | D:7      | Noticed a shadow
  6538 | D:7      | Mangled by a troll

Illustrated notes

Levels and vault maps discovered:
D:1:      dpeg_arrival_long_road, layout_basic,
          hellmonk_ecumenical_altar_run_dry, palyth_stone_intersect,
          minmay_door_square, ebering_dispersal_statue_hall
D:2:      layout_loops_ring
D:3:      layout_loops_ring, mainiacjoe_overflow_chevrons, tgw_xom,
          portal_sewer_entry_b, wad_orctagon
D:4:      layout_rooms, nicolae_specific_store, minmay_misc_feat_four_crosses,
          grunt_tough_drop, uniq_grinder
D:5:      corexii_shack_village, layout_cave_pods, trog_three_pillars_becter,
          uniq_blork_the_orc
D:6:      layout_basic, mainiacjoe_overflow_brackets, overflow_temple_1_default,
          temple_hall, st_stairs_4
D:7:      nzn_winding_woodlands_small [nzn_winding_woodlands_5x15_sawtooth,
          nzn_winding_woodlands_center_triple_pond,
          nzn_winding_woodlands_5x15_pool], layout_loops_corners,
          lightli_ossuary_entry_decrepit_ruins, uniq_joseph

Skill      XL: |  1  2  3  4  5  6  7  8 |
---------------+-------------------------+-----
Shields        | 4 5 6 7 9 11 | 11.0
Fighting       | |  3.2
Axes           | |  2.2
Dodging        | |  3.1
Stealth        | |  0.3

Action                   |  1- 3 |  4- 6 |  7- 9 || total
-------------------------+-------+-------+-------++-------
Melee: War axe           |    76 |     4 |       ||    80
       Tentacles         |     8 |    24 |    22 ||    54
       Constrict         |    12 |    36 |    16 ||    64
       Hand axe          |       |   109 |       ||   109
       Flail             |       |    16 |    91 ||   107
  Use: Scroll            |     3 |     1 |     9 ||    13
       Potion            |       |     3 |     6 ||     9
 Stab: Sleeping          |    13 |    12 |     3 ||    28
Armor: Skin              |     4 |     8 |     3 ||    15
Dodge: Dodged            |    31 |    52 |    52 ||   135
Block: Kite shield       |    34 |    51 |    65 ||   150
